← All builds
Geo / Cortex / Economy first / OBSERVED BUILD

Tzar rush

Geo rushes an Advanced Vehicle Plant to field a Tzar around 6 minutes, far earlier than the role's typical first T2 unit, leading the front push before adding Omen support and Fury anti-air.

#rush #push · 19 distinct matches · 12 players · 5% of Cortex Geo games · team won 63% of 19 · Recently observed

THE CATCH, AND WHAT COMES WITH IT
  • TzarT2 vehicle assault from 5:57 · 3% of role by thenFrom the Advanced Vehicle Plant. Only 3% of Geo games have it by then; others who build it get it around 10:11
  • OmenRadar vehicle in 79%7% of all Geo games by then
  • Vehicle PlantVehicle Plant in 74%14% of all Geo games by then
  • Advanced Vehicle PlantAdvanced Vehicle Plant in 68%12% of all Geo games by then
  • FuryFury in 53%9% of all Geo games by then

Started with Tzar (79%), Tiger (21%).

Where those units first fight, in 19 games with kill data: in the middle 89%, on their own side 11%.

Those units destroy a typical 5,067 metal of enemy units by 15:00.

Then transitions into tiger (28% of army).

HOW TO PLAY IT

Key timing: Tzar out by 6:05

  1. Open mex, wind and geo, but rush Vehicle Plant by 3:44.
  2. Push Advanced Vehicle Plant far earlier than the role norm.
  3. Field Tzar-led T2 vehicle assault to push middle immediately.
  4. Add radar vehicle support to back the heavy tank push.
  5. Shift the army toward more Tiger and Quaker as it scales up.

Phase by phase

TYPICAL OF ITS 19 GAMES · AGAINST STANDARD GEO
  1. 1
  2. 2
  3. 3
  4. 4
PLAY THE OPENING

Follow the example game's first 6:57 step by step: what to build now, what comes next, and where it goes. At 1× it keeps pace with your own game.

  1. 1

    Up to the Bot Lab

    Economy
    • Metal Extractor3Mex
    • Wind Turbine3Wind
    Order
    1. Bot LabBot Lab after 3 mex, 3 winddone ~1:08, middle half 1:04–1:14

    By 0:51 in all: 3 mex · 3 wind

    The example game in this phase · 3 steps
    1. Mex ×2
    2. Wind ×6
    3. Bot LabBot Labdone 1:10 · typical 1:08
  2. 2

    Bot Lab to Vehicle Plant

    Economy
    • Metal Extractor1Mex
    • Wind Turbine2Wind
    • Energy Converter2Converter−2 vs standard
    • Energy Storage1Energy storage
    Order
    1. Geothermal PowerplantGeo after 4 mex, 7 wind, 1 con turret
    2. Vehicle PlantVehicle Plant after 4 mex, 7 wind, 2 con turretdone ~4:31, middle half 3:51–5:45
    Builders
    • Construction Turret2 Con turret −2 vs standard
    • Graverobber4 Graverobber
    • Construction Bot2 Con bot
    • Construction Bot1 Con bot for allies

    Some games also: Graverobber for allies (47%)

    By 4:14 in all: 4 mex · 7 wind · 1 geo · 2 converter (standard 4) · 1 energy storage · 2 con turret (standard 4)

    The example game in this phase · 21 steps
    1. Wind
    2. GraverobberGraverobber
    3. Wind
    4. GraverobberGraverobber
    5. Construction BotCon bot
    6. GraverobberGraverobber
    7. Construction BotCon botfor Beach sea
    8. Mex
    9. GraverobberGraverobberfor Beach sea
    10. GraverobberGraverobber ×2
    11. Energy storage
    12. Mex
    13. Geothermal PowerplantGeodone 3:17 · typical 3:38
    14. Construction BotCon botfor Pond
    15. Con turret ×4
    16. Converter
    17. Energy storage
    18. Metal storage
    19. Converter ×7
    20. Con turret ×3
    21. Vehicle PlantVehicle Plantdone 5:14 · typical 4:31
  3. 3

    Vehicle Plant to T2 vehicle assault

    Economy
    • Energy Converter5Converter
    Order
    1. Advanced Vehicle PlantAdvanced Vehicle Plant after 4 mex, 7 wind, 5 converter
    2. TzarT2 vehicle assault after 4 mex, 7 wind, 6 converterdone ~6:30, middle half 5:52–7:31
    Builders
    • Construction Vehicle1 Con vehicle

    Some games also: con turret (37%)

    The standard build makes here, this one skips: 2 wind · 2 con turret

    By 5:57 in all: 4 mex · 7 wind · 1 geo · 6 converter (standard 12) · 1 energy storage · 2 con turret (standard 6)

    The example game in this phase · 13 steps
    1. Construction VehicleCon vehicle
    2. Radar TowerRadar Tower
    3. Advanced Metal ExtractorT2 mex ×2done 5:50
    4. Wind
    5. Advanced Metal ExtractorT2 mex
    6. Wind ×4
    7. Advanced Metal ExtractorT2 mex
    8. Converter
    9. PrudePrudedone 7:13
    10. Converter ×7
    11. Advanced Vehicle PlantAdvanced Vehicle Plantdone 7:39 · typical 5:50
    12. Converter ×3
    13. TzarTzardone 8:12 · typical 6:30
  4. 4

    T2 vehicle assault to 10:00

    Builders
    • Construction Turret1 Con turret
    Army
    • Obscurer1 Jammer
    • Omen1 Radar vehicle

    Some games also: wind (47%) · T2 con vehicle for allies (47%) · tiger (37%) · fury (32%)

    The standard build makes here, this one skips: 6 converter

    By 10:00 in all: 4 mex · 10 wind (standard 15) · 1 geo · 6 converter (standard 18) · 1 energy storage · 5 con turret (standard 7)

    The example game in this phase · 72 steps
    1. Converter
    2. Wind
    3. Converter
    4. Wind
    5. Converter
    6. Wind
    7. TzarTzar
    8. Converter
    9. Wind
    10. TzarTzar
    11. Wind
    12. Converter
    13. Wind
    14. FuryFurydone 9:20 · typical 9:28
    15. Wind
    16. Converter
    17. Wind
    18. TzarTzar
    19. Wind
    20. Converter
    21. Bot LabBot Labdone 10:53
    22. Wind
    23. TzarTzar
    24. Con turret
    25. Wind
    26. TzarTzar
    27. Wind ×2
    28. GraverobberGraverobber
    29. Con turret ×2
    30. Wind
    31. GraverobberGraverobber
    32. Con turret
    33. Wind
    34. SaviourMobile anti-nukedone 12:05
    35. Wind
    36. GraverobberGraverobber
    37. Wind ×2
    38. GraverobberGraverobber
    39. Wind ×2
    40. GraverobberGraverobber
    41. Wind
    42. Advanced Construction VehicleT2 con vehiclefor Front
    43. GraverobberGraverobber
    44. Con turret
    45. GraverobberGraverobber
    46. Wind
    47. GraverobberGraverobber
    48. Wind
    49. Con turret
    50. Fusion ReactorFusiondone 13:32
    51. GraverobberGraverobber
    52. Metal storage
    53. Wind
    54. Advanced Radar TowerAdvanced Radar Tower
    55. Wind
    56. Con turret
    57. Wind
    58. Con turret
    59. Wind
    60. ApocalypseApocalypsenot finished by 15:00
    61. Con turret
    62. Wind ×3
    63. Fusion ReactorFusion
    64. Wind ×4
    65. Advanced Bot LabAdvanced Bot Labdone 14:36
    66. Wind ×4
    67. TwitcherTwitcher
    68. Wind ×2
    69. TwitcherTwitcher
    70. Wind ×3
    71. Advanced Construction BotT2 con bot
    72. Wind

Counts are medians over the build's games: half of them build more, half fewer. The example game is UsurpeR's (45 OS, 20/09/2026); pick another.

Team trades

IN AT LEAST 30% OF ITS GAMES

You hand over

  • Graverobber1 Graverobber to Beach seafirst at 2:21 · in 47% of games
  • Construction Bot1 Con bot to Beach sea or Geo seafirst at 2:39 · in 63% of games
  • Advanced Construction Vehicle1 T2 con vehicle to Front or Suicide front or Pondfirst at 9:31 · in 74% of games

You get

  • Advanced Construction Bot1 T2 con bot from Techfirst at 5:21 · in 47% of games

How it plays out

Typical game of this build against the role’s standard build, running totals by minute

  • This build
  • Standard geo

Metal produced

020k40k
0:005:0010:0015:00

metal

Enemy metal destroyed

05k10k
0:005:0010:0015:00

metal

Own metal lost

02.5k5k7.5k
0:005:0010:0015:00

metal

19 games.

Show as table
ByMetal produced: This buildMetal produced: Standard geoEnemy metal destroyed: This buildEnemy metal destroyed: Standard geoOwn metal lost: This buildOwn metal lost: Standard geo
1:003823350000
2:008908590000
3:00146014970000
4:00264726620000
5:00408137560000
6:00602556740000
7:00750479860000
8:0097751103490000
9:00127131408013553113074
10:0014873169222742334180258
11:00172231976948551255660720
12:0020227226485624249911341538
13:0020762255126550431618472629
14:0021511284977619600324704360
15:0024289317478225826426436299
WHAT THE NUMBERS SAY

Won more often than the standard build while losing far less own metal by 15:00 despite lower total production.

  • + Team won 57% vs 45% for the standard build.
  • + Lost only 2602 own metal by 15:00 vs 6290 standard.
  • − Metal production fell behind standard by 15:00 (24289 vs 31312).
THE EXAMPLE YOU ARE READING

UsurpeR

44.9 OS · 20/09/2026

Open source match ↗

3 received units · includes a constructor
1210 metal received · 255482 energy received

Allied construction assistance is unknown. Timings are observations, not a promise of solo reproducibility.

Typical milestones

Bot Lab1:08Middle 50%: 1:04–1:14 · n=18
Geothermal Powerplant3:38Middle 50%: 3:15–4:00 · n=19
Vehicle Plant4:31Middle 50%: 3:51–5:45 · n=19
Advanced Vehicle Plant5:50Middle 50%: 5:07–7:44 · n=19
Tzar6:30Middle 50%: 5:52–7:31 · n=15
Fury9:28Middle 50%: 7:40–10:33 · n=10
Tiger9:52Middle 50%: 9:35–10:54 · n=10

Played most by

RefuseToLearn4games of this buildPRO_HYDRA3games of this buildAmrissa2games of this buildImmort2games of this build[AFUS]Trotski1game of this build